[Event "Titled Tuesday Blitz April 25 Late 2023"]
[White "Delorme, Alban"]
[Black "Koc, Przemyslaw"]
[WhiteFideId "623636"]
[BlackFideId "1109081"]
[WhiteElo "2196"]
[BlackElo "2161"]
[Result "0-1"]
[Round "03"]
[TimeControl "180+2"]
[Date "2023.04.25"]
[WhiteClock "0:00:08"]
[BlackClock "0:00:15"]

1. e4 d6 2. d4 Nf6 3. Nc3 e5 4. Nf3 Nbd7 5. Bc4 Be7 6. a3 O-O 7. O-O c6 8. h3 b5 9. Ba2 a6 10. dxe5 dxe5 11. Bg5 Nh5 12. Bxe7 Qxe7 13. Qd2 Nf4 14. Kh2 Nc5 15. Qe3 a5 16. b4 axb4 17. axb4 Na4 18. Nxa4 Rxa4 19. Qc3 Qxb4 20. Qxe5 Qxe4 21. Qxe4 Rxe4 22. Ng5 Re2 23. Rfe1 Rxf2 24. Kg3 Ne6 25. Kxf2 Nxg5 26. Re7 Be6 27. Bxe6 fxe6+ 28. Ke3 h6 29. Raa7 Rf7 30. Rxf7 Nxf7 31. Rc7 Ne5 32. Ke4 Nc4 33. Rxc6 Kf7 34. Rc7+ Kf6 35. Rc5 g5 36. Kd3 Nd6 37. Rc6 Ke5 38. Rc5+ Kf4 39. Rc6 Ke5 40. Rc7 h5 41. Rh7 h4 42. Rg7 Kf4 43. Rd7 Nf5 44. Rb7 Kg3 45. Rxb5 Kxg2 46. Re5 Kxh3 47. Rxe6 g4 48. Ke2 Kg2 49. c4 Nd4+ 0-1


[Site "https://www.chess.com"]

[Event "Titled Tuesday Blitz April 25 Late 2023"]
[White "Javakhadze, Zurab"]
[Black "Alexikov, Alexander"]
[WhiteFideId "13603647"]
[BlackFideId "14103958"]
[WhiteElo "2381"]
[BlackElo "2186"]
[Result "1-0"]
[Round "03"]
[TimeControl "180+2"]
[Date "2023.04.25"]
[WhiteClock "0:00:02"]
[BlackClock "0:00:02"]

1. d4 Nf6 2. c4 g6 3. Nc3 Bg7 4. e4 d6 5. Nf3 O-O 6. Be2 e5 7. Be3 Ng4 8. Bg5 f6 9. Bc1 c6 10. h3 Nh6 11. O-O Nf7 12. Be3 Qe7 13. b4 Bh6 14. Bxh6 Nxh6 15. dxe5 dxe5 16. c5 Be6 17. Nd2 Nf7 18. Bc4 Rd8 19. Bxe6 Qxe6 20. Qc2 Nd7 21. Rfd1 Nf8 22. Nb3 Qe7 23. Na5 Ne6 24. Ne2 Kg7 25. Rxd8 Rxd8 26. Rd1 Rxd1+ 27. Qxd1 Qc7 28. Nc4 b6 29. cxb6 axb6 30. a4 c5 31. a5 b5 32. Nb6 cxb4 33. Qd5 Nc5 34. Kh2 Ng5 35. f3 Nge6 36. Nc1 Nd4 37. Qa2 b3 38. Qa3 f5 39. Nd5 Qa7 40. Qb4 fxe4 41. fxe4 Nxe4 42. Nxb3 Nxb3 43. Qxe4 Nxa5 44. Qxe5+ Kh6 45. Qf4+ Kg7 46. Qf6+ Kh6 47. Qf8+ Qg7 48. Qf4+ g5 49. Qd6+ Qg6 50. Qf8+ Qg7 51. Qe8 Qg6 52. Qe7 Nc4 53. Nf6 Qf5 54. Ng8+ Kg6 55. Qe2 Qf4+ 56. Kh1 Qc1+ 57. Kh2 Ne3 58. Ne7+ Kf6 59. Qxe3 1-0


[Site "https://www.chess.com"]

[Event "Titled Tuesday Blitz April 25 Late 2023"]
[White "Shivakumar, Shawnak"]
[Black "Eidelman, Gabriel"]
[WhiteFideId "30940192"]
[BlackFideId "30910544"]
[WhiteElo "2089"]
[BlackElo "2209"]
[Result "1-0"]
[Round "03"]
[TimeControl "180+2"]
[Date "2023.04.25"]
[WhiteClock "0:01:01"]
[BlackClock "0:00:20"]

1. c4 c6 2. Nc3 d5 3. cxd5 cxd5 4. d4 Nf6 5. Bf4 e6 6. e3 Bd6 7. Bxd6 Qxd6 8. Bd3 O-O 9. f4 a6 10. Nf3 b5 11. O-O Bb7 12. Ne5 Ne4 13. f5 f6 14. Ng4 Nd7 15. Qf3 Nxc3 16. fxe6 Qxe6 17. Bxh7+ Kf7 18. Bf5 Qd6 19. bxc3 Ke7 20. e4 Kd8 21. e5 fxe5 22. Qg3 Re8 23. Bxd7 Qxd7 24. Nxe5 Qe7 25. Rf7 1-0


[Site "https://www.chess.com"]

[Event "Titled Tuesday Blitz April 25 Late 2023"]
[White "Bryant, Todd"]
[Black "Arencibia Monduy, Antonio"]
[WhiteFideId "2031299"]
[BlackFideId "3507939"]
[WhiteElo "2075"]
[BlackElo "2122"]
[Result "1-0"]
[Round "03"]
[TimeControl "180+2"]
[Date "2023.04.25"]
[WhiteClock "0:00:14"]
[BlackClock "0:00:01"]

1. e4 c5 2. Nf3 d6 3. d4 cxd4 4. Nxd4 Nf6 5. Nc3 a6 6. Bg5 e6 7. f4 Qc7 8. Qf3 Be7 9. O-O-O h6 10. Bh4 b5 11. e5 Bb7 12. Qg3 Nh5 13. Qg4 dxe5 14. Bxb5+ axb5 15. Ndxb5 Qc4 16. Bxe7 Kxe7 17. Qxh5 Qxf4+ 18. Kb1 g6 19. Qe2 e4 20. Rhf1 Qe5 21. Nd6 f5 22. Nxb7 Nc6 23. Nd6 Rhb8 24. Ndb5 Nb4 25. Qc4 Nxa2 26. Nxa2 Rxb5 27. Nb4 Kf6 28. g4 Rc5 29. Qd4 Qxd4 30. Rxd4 1-0


[Site "https://www.chess.com"]

[Event "Titled Tuesday Blitz April 25 Late 2023"]
[White "Degtiarev, Evgeny"]
[Black "Moral Garcia, Serafin"]
[WhiteFideId "4149610"]
[BlackFideId "2201925"]
[WhiteElo "2284"]
[BlackElo "2274"]
[Result "1-0"]
[Round "03"]
[TimeControl "180+2"]
[Date "2023.04.25"]
[WhiteClock "0:00:10"]
[BlackClock "0:00:14"]

1. d4 Nf6 2. c4 g6 3. Nc3 d5 4. cxd5 Nxd5 5. e4 Nxc3 6. bxc3 Bg7 7. Bc4 c5 8. Ne2 Nc6 9. Be3 O-O 10. O-O Qc7 11. Rc1 Rd8 12. Bd3 b6 13. Qd2 e6 14. Bg5 f6 15. Bf4 e5 16. Bg3 Qe7 17. d5 Na5 18. c4 Nb7 19. f4 Nd6 20. fxe5 fxe5 21. h4 Bg4 22. Rf2 Rf8 23. Rcf1 h5 24. Nc3 Kh7 25. Be2 Bxe2 26. Qxe2 Bf6 27. Nb5 Nxb5 28. cxb5 Kg7 29. Qb2 Bxh4 30. Qxe5+ Qxe5 31. Bxe5+ Kg8 32. Rxf8+ Rxf8 33. Rxf8+ Kxf8 34. Bb8 c4 35. Kf1 Be7 36. Bxa7 Bc5 37. Bb8 Ke7 38. e5 g5 39. Ke2 h4 40. e6 g4 41. Bf4 h3 42. gxh3 gxh3 43. Kf3 Bd6 44. Bg5+ Ke8 45. a4 c3 46. Bc1 c2 47. a5 bxa5 48. b6 a4 49. b7 Kd8 50. Ba3 Bb8 51. d6 Ke8 52. d7+ Kd8 53. Bc1 Ke7 54. Bg5+ Kxe6 55. d8=Q Be5 56. Qe7+ Kf5 57. Qxe5+ Kxe5 58. b8=Q+ 1-0


[Site "https://www.chess.com"]

[Event "Titled Tuesday Blitz April 25 Late 2023"]
[White "Marczuk, Dominik"]
[Black "Kohler, Aran"]
[WhiteFideId "1111264"]
[BlackFideId "1002856"]
[WhiteElo "2174"]
[BlackElo "2010"]
[Result "1-0"]
[Round "03"]
[TimeControl "180+2"]
[Date "2023.04.25"]
[WhiteClock "0:01:26"]
[BlackClock "0:00:55"]

1. e4 c6 2. d4 d5 3. f3 e6 4. Be3 a6 5. Nd2 Nf6 6. e5 Nfd7 7. f4 c5 8. c3 Nc6 9. Ngf3 Qb6 10. Rb1 cxd4 11. cxd4 Bb4 12. a3 Be7 13. b4 O-O 14. Bd3 f5 15. O-O Kh8 16. Nb3 Qd8 17. h3 Rg8 18. g4 g6 19. Kh1 b6 20. Rg1 Nf8 21. Rb2 Bb7 22. Rbg2 Rc8 23. Qe2 a5 24. b5 Nb8 25. a4 Rc3 26. Nbd2 Ra3 27. Bc2 Qc7 28. Rc1 Qc3 29. Nf1 Qxe3 30. Nxe3 1-0


[Site "https://www.chess.com"]

[Event "Titled Tuesday Blitz April 25 Late 2023"]
[White "Prieto Aranguren, Alain"]
[Black "Debray, Christopher"]
[WhiteFideId "2268906"]
[BlackFideId "630810"]
[WhiteElo "2209"]
[BlackElo "2340"]
[Result "1-0"]
[Round "03"]
[TimeControl "180+2"]
[Date "2023.04.25"]
[WhiteClock "0:00:18"]
[BlackClock "0:00:14"]

1. d4 d5 2. c4 dxc4 3. e3 Nf6 4. Bxc4 a6 5. Nf3 b5 6. Be2 Bb7 7. O-O Nbd7 8. Nbd2 e6 9. b3 c5 10. dxc5 Bxc5 11. Bb2 O-O 12. Rc1 Qe7 13. Nd4 Rac8 14. Bf3 Bxf3 15. N2xf3 g6 16. b4 Bb6 17. Nc6 Qe8 18. Nfe5 Nxe5 19. Nxe5 Nd5 20. Ng4 h5 21. Nf6+ Nxf6 22. Bxf6 Bd8 23. Rxc8 Bxf6 24. Rxe8 Rxe8 25. Qd7 Rd8 26. Qc6 Be5 27. Qxa6 Rd5 28. g3 Kg7 29. Kg2 Bf6 30. h4 Rd2 31. a4 bxa4 32. Qxa4 Rb2 33. b5 Bd8 34. Qd4+ Bf6 35. Qxb2 Bxb2 36. Rb1 Be5 37. b6 Bb8 38. b7 Kf6 39. Rc1 Ke7 40. Rc8 Bc7 41. Rxc7+ Kf6 42. b8=Q Ke5 43. Qb5+ Kf6 44. Qb2+ e5 45. Qb6+ Kf5 46. e4+ Kxe4 47. Rc4+ Kd3 48. Qb3+ Ke2 49. Rc2+ Kd1 50. Qb1# 1-0


[Site "https://www.chess.com"]

[Event "Titled Tuesday Blitz April 25 Late 2023"]
[White "Torres Dominguez, David"]
[Black "Meduri, Aakaash"]
[WhiteFideId "2220857"]
[BlackFideId "2032252"]
[WhiteElo "1999"]
[BlackElo "2113"]
[Result "1-0"]
[Round "03"]
[TimeControl "180+2"]
[Date "2023.04.25"]
[WhiteClock "0:00:49"]
[BlackClock "0:00:52"]

1. e4 c5 2. Nc3 Nc6 3. Bb5 Nd4 4. Bc4 g6 5. Nf3 Bg7 6. Nxd4 cxd4 7. Qf3 Nh6 8. d3 O-O 9. Bxh6 Bxh6 10. Ne2 Qa5+ 11. Kf1 Bg7 12. h4 h5 13. Nf4 d6 14. Nxg6 e6 15. b4 Qxb4 16. Ne7+ Kh7 17. Qxh5+ Bh6 18. g4 d5 19. g5 Qxe7 20. Qxh6+ Kg8 21. exd5 exd5 22. Bxd5 Re8 23. Be4 f5 24. gxf6 Qf7 25. Rg1+ 1-0


[Site "https://www.chess.com"]

[Event "Titled Tuesday Blitz April 25 Late 2023"]
[White "Vlassov, Nikolai"]
[Black "Ardila, Oscar Humberto"]
[WhiteFideId "4103360"]
[BlackFideId "4404742"]
[WhiteElo "2324"]
[BlackElo "1918"]
[Result "1-0"]
[Round "03"]
[TimeControl "180+2"]
[Date "2023.04.25"]
[WhiteClock "0:00:42"]
[BlackClock "0:00:10"]

1. e4 e5 2. Bc4 Nf6 3. d3 Bc5 4. Nf3 d6 5. Bg5 h6 6. Bh4 O-O 7. Nc3 Be6 8. Qe2 Nbd7 9. h3 c6 10. g4 Bxc4 11. dxc4 Qb6 12. O-O-O Qa5 13. g5 hxg5 14. Bxg5 Bb4 15. Bd2 Bxc3 16. Bxc3 Qxa2 17. Rhg1 Nc5 18. Ng5 Rfd8 19. Rg3 d5 20. exd5 cxd5 21. Bxe5 dxc4 22. Ra3 Rxd1+ 23. Qxd1 Qxa3 24. bxa3 Ncd7 25. Bxf6 1-0


[Site "https://www.chess.com"]

[Event "Titled Tuesday Blitz April 25 Late 2023"]
[White "Albuquerque Junior,Wellington S."]
[Black "Rengifo Blancas, Renzo Jhonathan"]
[WhiteFideId "2151480"]
[BlackFideId "3807185"]
[WhiteElo "2109"]
[BlackElo "2085"]
[Result "1/2-1/2"]
[Round "03"]
[TimeControl "180+2"]
[Date "2023.04.25"]
[WhiteClock "0:00:12"]
[BlackClock "0:00:02"]

1. c4 c6 2. g3 d5 3. Bg2 Nf6 4. Nf3 g6 5. b3 Bg7 6. Bb2 O-O 7. O-O Nbd7 8. Na3 Re8 9. Rc1 a6 10. cxd5 cxd5 11. Qc2 Nb8 12. Qc7 Nc6 13. Qxd8 Rxd8 14. Nc2 Bg4 15. h3 Bxf3 16. Bxf3 Rac8 17. d3 e5 18. Rfd1 Bh6 19. e3 Bg7 20. Kf1 h5 21. a3 Na5 22. Na1 Nc6 23. b4 e4 24. dxe4 Nxe4 25. Bxg7 Kxg7 26. Nb3 Ne5 27. Be2 Nc3 28. Rd2 Nxe2 29. Kxe2 Rxc1 30. Nxc1 Nc4 31. Rd3 Nb2 32. Rc3 Nc4 33. Nd3 Rd7 34. Nc5 Re7 35. Rd3 d4 36. Rxd4 Nxa3 37. Rd7 Rxd7 38. Nxd7 Nc2 39. Nc5 Nxb4 40. Nxb7 Nc6 41. Kd3 Kf6 42. Kc4 Ke5 43. f3 Kf5 44. Nc5 Ne5+ 45. Kd5 Nxf3 46. Nxa6 Ng1 47. e4+ Kg5 48. h4+ Kg4 49. Ke5 f5 50. Kf6 fxe4 51. Nb4 Kxg3 52. Kxg6 Kxh4 53. Kf5 e3 54. Kf4 e2 55. Nd3 Nh3+ 56. Kf3 Ng1+ 57. Kf2 Nh3+ 58. Kxe2 Kg3 59. Ne5 Kg2 60. Ng6 Ng5 61. Ke3 h4 62. Nxh4+ 1/2-1/2


[Site "https://www.chess.com"]

[Event "Titled Tuesday Blitz April 25 Late 2023"]
[White "Novikov, Evgenij"]
[Black "Eggleston, Thomas A"]
[WhiteFideId "4125380"]
[BlackFideId "412139"]
[WhiteElo "2242"]
[BlackElo "2155"]
[Result "1-0"]
[Round "03"]
[TimeControl "180+2"]
[Date "2023.04.25"]
[WhiteClock "0:00:22"]
[BlackClock "0:00:37"]

1. e4 e6 2. Qe2 c5 3. g4 h5 4. g5 h4 5. f4 Nc6 6. Nf3 d6 7. b3 e5 8. f5 Nd4 9. Nxd4 cxd4 10. Na3 Qxg5 11. Qb5+ Bd7 12. Qxb7 Rc8 13. Bb5 Qd8 14. Qxa7 Nf6 15. d3 Be7 16. Rg1 O-O 17. Bh6 Bxb5 18. Bxg7 Kh7 19. Bxf8 Qxf8 20. Nxb5 Qh6 21. Rg2 Qe3+ 22. Kf1 Ng4 23. Qxe7 Nh6 24. Qxh4 Qf3+ 25. Qf2 Qh5 26. Nxd6 Rc3 27. Qg3 1-0


[Site "https://www.chess.com"]

[Event "Titled Tuesday Blitz April 25 Late 2023"]
[White "Mortazavi, Ali"]
[Black "Kostiukov, Alexandr"]
[WhiteFideId "401323"]
[BlackFideId "14108100"]
[WhiteElo "2339"]
[BlackElo "2202"]
[Result "1-0"]
[Round "03"]
[TimeControl "180+2"]
[Date "2023.04.25"]
[WhiteClock "0:00:11"]
[BlackClock "0:00:02"]

1. e4 c5 2. Nc3 g6 3. f4 Bg7 4. Nf3 Nc6 5. a4 e6 6. e5 d6 7. Bb5 Ne7 8. Ne4 dxe5 9. fxe5 O-O 10. d4 Nxd4 11. Bg5 Qc7 12. Bf6 Nxf3+ 13. Qxf3 Nd5 14. O-O-O c4 15. Rxd5 exd5 16. Nd6 a6 17. h4 axb5 18. Bxg7 Kxg7 19. h5 Qe7 20. Qe3 g5 21. h6+ Kh8 22. Rh5 Rg8 23. Qf2 Be6 24. Nxb5 Rxa4 25. c3 1-0


[Site "https://www.chess.com"]

[Event "Titled Tuesday Blitz April 25 Late 2023"]
[White "Mikhalsky, Vladimir"]
[Black "Leschinsky, Gary"]
[WhiteFideId "14144352"]
[BlackFideId "30951321"]
[WhiteElo "2236"]
[BlackElo "1855"]
[Result "0-1"]
[Round "03"]
[TimeControl "180+2"]
[Date "2023.04.25"]
[WhiteClock "0:00:12"]
[BlackClock "0:00:41"]

1. d4 d5 2. c4 c6 3. Nf3 Nf6 4. Nc3 e6 5. g3 dxc4 6. Bg2 b5 7. O-O Bb7 8. a4 a6 9. Bf4 Bd6 10. Ne5 Nd5 11. Ne4 Nxf4 12. gxf4 O-O 13. b3 cxb3 14. Qxb3 Be7 15. Rfd1 Nd7 16. Nc5 Bxc5 17. Nxd7 Qxd7 18. dxc5 Qe7 19. Rd6 Qf6 20. Rad1 Qxf4 21. Rd7 Rab8 22. axb5 axb5 23. e3 Qg5 24. Qb4 Bc8 25. Ra7 e5 26. h4 Qg6 27. Rd6 Be6 28. Rxc6 Rfd8 29. Rd6 Rxd6 30. cxd6 Qd3 31. Ra3 Qd1+ 32. Kh2 h6 33. Qc5 Rd8 34. Qxe5 Qxd6 35. Qxd6 Rxd6 36. Ra8+ Kh7 37. Rb8 Bc4 38. Kg3 g6 39. h5 g5 40. Be4+ Kg7 41. f4 Re6 42. Kf3 g4+ 43. Kxg4 Rxe4 44. Kf5 Rxe3 45. Rb6 Re6 46. Rb8 Re1 47. Rb6 Rh1 48. Kg4 Be2+ 49. Kg3 Rxh5 50. f5 Rxf5 0-1


[Site "https://www.chess.com"]

[Event "Titled Tuesday Blitz April 25 Late 2023"]
[White "Panico, Nick"]
[Black "Lopez Gracia, Fernando"]
[WhiteFideId "2026724"]
[BlackFideId "2207184"]
[WhiteElo "1982"]
[BlackElo "2255"]
[Result "0-1"]
[Round "03"]
[TimeControl "180+2"]
[Date "2023.04.25"]
[WhiteClock "0:01:36"]
[BlackClock "0:01:48"]

1. f4 c5 2. Nf3 Nc6 3. e4 e6 4. Be2 g6 5. c3 d5 6. d3 Bg7 7. O-O Nge7 8. Be3 b6 9. Nbd2 O-O 10. Kh1 d4 11. cxd4 cxd4 12. Bf2 Ba6 13. Rc1 Rc8 14. Nc4 Bxc4 15. Rxc4 e5 16. fxe5 b5 17. Rc5 Nxe5 18. Rxc8 Qxc8 19. Nxe5 Bxe5 20. Qb3 a6 21. Bh4 Qc7 22. Bxe7 Qxe7 23. Bg4 Qh4 24. h3 Qg3 25. Kg1 h5 26. Bf3 Rc8 27. Qd1 Bf4 28. Qe1 Qh2+ 29. Kf2 Bg3+ 30. Ke2 Bxe1 31. Kxe1 Rc1+ 32. Bd1 Qg3+ 33. Ke2 Qe3# 0-1


[Site "https://www.chess.com"]

[Event "Titled Tuesday Blitz April 25 Late 2023"]
[White "Bulgurlu, Okan"]
[Black "Zakarian, David"]
[WhiteFideId "6352316"]
[BlackFideId "13301276"]
[WhiteElo "1908"]
[BlackElo "2306"]
[Result "1-0"]
[Round "03"]
[TimeControl "180+2"]
[Date "2023.04.25"]
[WhiteClock "0:00:41"]
[BlackClock "0:01:04"]

1. e4 Nc6 2. d4 d5 3. exd5 Qxd5 4. Nf3 Bg4 5. Be3 Nf6 6. Be2 O-O-O 7. Nc3 Qh5 8. Qd3 e5 9. O-O-O Bb4 10. h3 Bf5 11. Qc4 Bxc3 12. Qxc3 e4 13. g4 Bxg4 14. hxg4 Qxg4 15. Rdg1 Qe6 16. Ng5 Qxa2 17. Bc4 Qa1+ 18. Kd2 Qa4 19. Ra1 Qb4 20. Qxb4 Nxb4 21. Nxf7 c5 22. Nxh8 cxd4 23. Bg5 Rxh8 24. Bxf6 gxf6 25. Rxa7 Kb8 26. Rha1 Kc7 27. Ra8 Rxa8 28. Rxa8 1-0


[Site "https://www.chess.com"]

[Event "Titled Tuesday Blitz April 25 Late 2023"]
[White "Kraus, Tomas"]
[Black "D`Arruda, Ricardo D."]
[WhiteFideId "331708"]
[BlackFideId "100692"]
[WhiteElo "2389"]
[BlackElo "2271"]
[Result "1-0"]
[Round "03"]
[TimeControl "180+2"]
[Date "2023.04.25"]
[WhiteClock "0:00:45"]
[BlackClock "0:00:55"]

1. d4 Nf6 2. c4 e5 3. dxe5 Ne4 4. Nd2 Nc5 5. Ndf3 Nc6 6. Bf4 h6 7. e3 g5 8. Bg3 Bg7 9. Ne2 Qe7 10. Nc3 Nxe5 11. Nxe5 Bxe5 12. Nd5 Qd6 13. b4 Ne4 14. c5 Qe6 15. Nxc7+ Bxc7 16. Bxc7 O-O 17. Qd4 Qf6 18. Qxf6 Nxf6 19. Bc4 b6 20. Be5 Kg7 21. Bd5 Ba6 22. Bxa8 Rxa8 23. O-O-O Bb5 24. Rd6 1-0


[Site "https://www.chess.com"]

[Event "Titled Tuesday Blitz April 25 Late 2023"]
[White "Sliwicki, Damian"]
[Black "Djabri,Massinas"]
[WhiteFideId "1127128"]
[BlackFideId "7905726"]
[WhiteElo "2030"]
[BlackElo "2194"]
[Result "1-0"]
[Round "03"]
[TimeControl "180+2"]
[Date "2023.04.25"]
[WhiteClock "0:00:56"]
[BlackClock "0:00:08"]

1. e4 c5 2. Nf3 d6 3. d4 cxd4 4. Qxd4 Bd7 5. c4 Nc6 6. Qe3 g6 7. Nc3 Bh6 8. Qd3 Bg7 9. Be2 Nf6 10. h3 Be6 11. Be3 Nd7 12. O-O O-O 13. b3 Nde5 14. Nxe5 Nxe5 15. Qd2 f5 16. exf5 Bxf5 17. Bd4 Kh8 18. f4 Nc6 19. Bxg7+ Kxg7 20. g4 Qb6+ 21. Kg2 Bd7 22. Rae1 Nd4 23. Nd5 Bc6 24. Bf3 Bxd5 25. Bxd5 Rae8 26. Qc3 e5 27. fxe5 Rxf1 28. Rxf1 dxe5 29. Rf7+ Kh8 30. Qe3 g5 31. Qxg5 1-0


[Site "https://www.chess.com"]

[Event "Titled Tuesday Blitz April 25 Late 2023"]
[White "Chakravarthi Reddy, M"]
[Black "Fernandez, Maria Florencia"]
[WhiteFideId "25009532"]
[BlackFideId "116459"]
[WhiteElo "2201"]
[BlackElo "2120"]
[Result "0-1"]
[Round "03"]
[TimeControl "180+2"]
[Date "2023.04.25"]
[WhiteClock "0:00:04"]
[BlackClock "0:00:08"]

1. e4 c5 2. Nf3 d6 3. d4 cxd4 4. Nxd4 Nf6 5. Nc3 g6 6. f3 Bg7 7. Be3 O-O 8. Qd2 Nc6 9. h4 d5 10. e5 Nxe5 11. h5 Nc4 12. Bxc4 dxc4 13. hxg6 fxg6 14. Qe2 Qc7 15. O-O-O a6 16. Rh4 e5 17. Nb3 cxb3 18. axb3 Be6 19. Rdh1 Rac8 20. g4 Rf7 21. Bf2 b5 22. Bg3 b4 23. Bxe5 Qc6 24. Ne4 Nxe4 25. Bxg7 Rxg7 26. fxe4 Bxb3 27. R1h2 Bc4 28. Qd2 b3 29. c3 Be6 30. e5 Qa4 31. Kd1 Bc4 32. Ke1 Qa1+ 33. Kf2 Qf1+ 34. Kg3 Rf8 35. Qe3 Bd5 36. Rf2 Qg1+ 37. Kh3 Rxf2 0-1


[Site "https://www.chess.com"]

[Event "Titled Tuesday Blitz April 25 Late 2023"]
[White "Gutkin, Ilya"]
[Black "Botez, Alexandra"]
[WhiteFideId "16203470"]
[BlackFideId "2603365"]
[WhiteElo "2265"]
[BlackElo "2059"]
[Result "0-1"]
[Round "03"]
[TimeControl "180+2"]
[Date "2023.04.25"]
[WhiteClock "0:00:08"]
[BlackClock "0:00:07"]

1. Nf3 Nf6 2. g3 g6 3. b3 d5 4. Bb2 Bg7 5. c4 c6 6. Bg2 O-O 7. O-O h6 8. d3 Be6 9. Nbd2 Qd7 10. Re1 Na6 11. Qc2 Rac8 12. a3 Bh3 13. Bh1 Nh5 14. Rad1 Qc7 15. Bxg7 Nxg7 16. e4 e6 17. Qb2 Bg4 18. Bg2 Nc5 19. Qc2 Rfd8 20. b4 Nd7 21. Rc1 Bxf3 22. Bxf3 d4 23. c5 Ne5 24. Be2 g5 25. Kh1 Kh8 26. Rg1 g4 27. Rgf1 Rf8 28. Qb2 Rcd8 29. Nb3 Qd7 30. Rcd1 f5 31. Nd2 h5 32. f4 gxf3 33. Nxf3 Ng4 34. Rde1 Ne3 35. Rg1 fxe4 36. Nh4 Rf6 37. dxe4 e5 38. Bd3 Ng4 39. Re2 Rdf8 40. h3 Nf2+ 41. Kg2 Qxh3# 0-1


[Site "https://www.chess.com"]

[Event "Titled Tuesday Blitz April 25 Late 2023"]
[White "Simonovic, Miroslav"]
[Black "Figorito, Nick"]
[WhiteFideId "919152"]
[BlackFideId "30923689"]
[WhiteElo "2042"]
[BlackElo "2036"]
[Result "1-0"]
[Round "03"]
[TimeControl "180+2"]
[Date "2023.04.25"]
[WhiteClock "0:00:45"]
[BlackClock "0:00:07"]

1. d4 Nf6 2. Bg5 d5 3. Bxf6 exf6 4. e3 Bd6 5. c4 c6 6. cxd5 cxd5 7. Nc3 O-O 8. a3 Be6 9. g3 Nd7 10. Bg2 Nb6 11. Nge2 Nc4 12. b4 a5 13. Qb3 axb4 14. Bxd5 Bxd5 15. Nxd5 Nxa3 16. O-O f5 17. Nxb4 Bxb4 18. Qxb4 Nc2 19. Rxa8 Nxb4 20. Rxd8 Rxd8 21. Rb1 Nc6 22. Rxb7 g6 23. Nf4 Kf8 24. h4 Ne7 25. Nd3 Nc8 26. Ne5 Nd6 27. Ra7 h5 28. Kg2 Kg7 29. Rd7 Rxd7 30. Nxd7 f6 31. f3 Kf7 32. Kf2 Ke6 33. Nf8+ Kf7 34. Nd7 Ke6 35. Nc5+ Kf7 36. Ke2 Nc4 37. Kd3 Nb2+ 38. Kc2 Nc4 39. Kd3 Nb2+ 40. Ke2 Nc4 41. f4 Nd6 42. Kd3 Ke7 43. e4 fxe4+ 44. Nxe4 Nf5 45. Kc4 Ke6 46. d5+ Ke7 47. Kc5 Kd8 48. d6 Ke8 49. Nxf6+ Kf7 50. Ne4 Ke6 51. Kc6 Nd4+ 52. Kc7 Nb5+ 53. Kd8 Nxd6 54. Nxd6 Kxd6 55. Ke8 Ke6 56. Kf8 Kf6 57. Kg8 Ke6 58. Kg7 Kf5 59. Kf7 Kg4 60. Kxg6 Kxg3 61. f5 Kxh4 62. f6 Kg4 63. f7 h4 64. f8=Q h3 65. Qf1 Kg3 66. Qh1 h2 67. Kh5 Kh3 68. Kg5 Kg3 69. Kf5 Kh3 70. Kf4 Kh4 71. Qxh2# 1-0


[Site "https://www.chess.com"]

[Event "Titled Tuesday Blitz April 25 Late 2023"]
[White "Mickiewicz, Piotr"]
[Black "Broca Jimenez, Fernando"]
[WhiteFideId "1114891"]
[BlackFideId "5104742"]
[WhiteElo "2246"]
[BlackElo "2062"]
[Result "1-0"]
[Round "03"]
[TimeControl "180+2"]
[Date "2023.04.25"]
[WhiteClock "0:00:28"]
[BlackClock "0:00:05"]

1. Nf3 c5 2. e3 g6 3. Be2 Bg7 4. O-O Nf6 5. b3 O-O 6. Bb2 Nc6 7. c4 d5 8. cxd5 Nxd5 9. Bxg7 Kxg7 10. Qc1 b6 11. Qb2+ Nf6 12. a3 Bb7 13. b4 cxb4 14. axb4 Rc8 15. b5 Na5 16. Ne5 Qd5 17. Bf3 Qe6 18. Bxb7 Nxb7 19. Rxa7 Nd6 20. d4 Kh8 21. Nc3 Nc4 22. Nxc4 Rxc4 23. Na2 Rfc8 24. Nb4 R4c7 25. Ra6 Nd5 26. Nc6 Kg8 27. h3 Qd6 28. e4 Nf4 29. d5 e6 30. Qf6 Rd7 31. dxe6 Nxe6 32. Rxb6 Nc5 33. Qxd6 Rxd6 34. Ne7+ Kg7 35. Nxc8 Rd2 36. f3 Nxe4 37. fxe4 1-0


[Site "https://www.chess.com"]

[Event "Titled Tuesday Blitz April 25 Late 2023"]
[White "Papp, Petra"]
[Black "Holtel, Jasper"]
[WhiteFideId "739049"]
[BlackFideId "12956376"]
[WhiteElo "2259"]
[BlackElo "2372"]
[Result "1-0"]
[Round "03"]
[TimeControl "180+2"]
[Date "2023.04.25"]
[WhiteClock "0:00:03"]
[BlackClock "0:00:12"]

1. e4 e6 2. d4 d5 3. Nc3 Nf6 4. e5 Nfd7 5. f4 c5 6. Nf3 Nc6 7. Be3 cxd4 8. Nxd4 Qb6 9. Qd2 Qxb2 10. Rb1 Qa3 11. Bb5 Nxd4 12. Bxd4 a6 13. Rb3 Qe7 14. Bxd7+ Bxd7 15. Rxb7 Rc8 16. O-O Qd8 17. f5 exf5 18. Bb6 Bc5+ 19. Bxc5 Rxc5 20. Qd4 Qc8 21. Rxd7 Rxc3 22. e6 O-O 23. Rxf7 Qc5 24. Qxc5 Rxc5 25. R1xf5 Rxf7 26. Rxf7 Rxc2 27. Ra7 Re2 28. Ra8# 1-0


[Site "https://www.chess.com"]

[Event "Titled Tuesday Blitz April 25 Late 2023"]
[White "Dahlgren, James Allen"]
[Black "Urbina Perez, Juan Antonio"]
[WhiteFideId "22256873"]
[BlackFideId "2217368"]
[WhiteElo "1824"]
[BlackElo "2197"]
[Result "1-0"]
[Round "03"]
[TimeControl "180+2"]
[Date "2023.04.25"]
[WhiteClock "0:00:16"]
[BlackClock "0:00:16"]

1. e4 c5 2. Nc3 Nc6 3. f4 g6 4. Nf3 Bg7 5. Bc4 e6 6. d3 Nge7 7. O-O O-O 8. a4 d5 9. Ba2 dxe4 10. Nxe4 b6 11. Be3 Bb7 12. c3 Qd7 13. Qe2 Rad8 14. Rad1 Qc7 15. g4 Kh8 16. Nfg5 Qc8 17. Qf2 Nd5 18. Bc1 h6 19. Qh4 Kg8 20. Nf3 Qc7 21. f5 exf5 22. gxf5 Ne5 23. Bxd5 Bxd5 24. f6 Nxf3+ 25. Rxf3 Bxe4 26. Qxe4 Rfe8 27. Qh4 g5 28. Bxg5 Qc6 29. Rg3 Re6 30. Bxh6 Rxf6 31. Rxg7+ Kf8 32. Rg6+ Ke8 33. Rxf6 Qd5 34. Re1+ Kd7 35. Qg4+ Kc7 36. Bf4+ Kb7 37. Re7+ Ka6 38. Bc7 Rh8 39. Qc4+ Qxc4 40. dxc4 Rg8+ 41. Bg3 Rg4 42. b3 Rg8 43. Rfxf7 Ra8 44. Bb8 Ka5 45. Rxa7+ Rxa7 46. Rxa7# 1-0


[Site "https://www.chess.com"]

[Event "Titled Tuesday Blitz April 25 Late 2023"]
[White "Harriott, Tyrell"]
[Black "Osmonbekov, Talaibek"]
[WhiteFideId "2086484"]
[BlackFideId "2017253"]
[WhiteElo "2107"]
[BlackElo "2135"]
[Result "0-1"]
[Round "03"]
[TimeControl "180+2"]
[Date "2023.04.25"]
[WhiteClock "0:00:01"]
[BlackClock "0:00:01"]

1. d4 e6 2. e3 f5 3. Bd3 Nf6 4. f4 b6 5. Nf3 Bb7 6. O-O Be7 7. Nbd2 O-O 8. Qe2 Ne4 9. b3 a5 10. a4 Na6 11. Bb2 Nb4 12. Kh1 Qe8 13. Ng1 Rf6 14. Bxe4 fxe4 15. c4 Nd3 16. Bc3 Bb4 17. Bxb4 axb4 18. Nh3 Qg6 19. Nf2 Ra5 20. Nxd3 exd3 21. Qf2 Rh5 22. Nf3 Qh6 23. Kg1 Rg6 24. Kh1 Rg4 25. Ra2 Be4 26. Rd2 Qg6 27. Ne5 Rxe5 28. dxe5 Rxg2 29. Qxg2 h5 30. Kg1 Bxg2 31. Rxg2 Qe4 32. Re1 h4 33. Kf1 h3 34. Rg3 Qh1+ 35. Rg1 Qxh2 36. Rg5 Qh1+ 37. Kf2 Qh2+ 38. Kf1 d2 39. Rd1 Kf7 40. Rg4 g6 41. Rg5 d6 42. exd6 cxd6 43. Rg4 Kf6 44. Rg5 e5 45. Rg4 Kf5 46. Rg5+ Ke4 47. Rxg6 Kf3 48. Rg4 Qe2+ 0-1


[Site "https://www.chess.com"]